 Dungeon Crawl Stone Soup version 0.28-a0-628-g3c9886e45e (webtiles) character file.

Game seed: 17759505546666883956

19857 siradein the Fighter (level 12, -11/110 HPs)
             Began as a Red Draconian Brigand on Oct 8, 2021.
             Was an Elder of Makhleb.
             Killed by the air
             ... invoked by a wind drake
              (13 damage)
             ... on level 3 of the Lair of Beasts.
             The game lasted 00:31:38 (17661 turns).

siradein the Fighter (Red Draconian Brigand)       Turns: 17661, Time: 00:31:39

Health: -11/110    AC:  9    Str: 23    XL:     12   Next: 40%
Magic:  16/16      EV: 16    Int: 11    God:    Makhleb [****..]
Gold:   289        SH:  4    Dex: 15    Spells: 17/17 levels left

rFire   + . .      SeeInvis .   F - +1 double sword
rCold   . . .      Faith    +   G - +0 buckler
rNeg    . . .      Spirit   .   (armour unavailable)
rPois   .          Reflect  .   (helmet restricted)
rElec   .          Harm     .   b - +0 cloak
rCorr   .          Rampage  .   (no gloves)
Will    .....                   (no boots)
Stlth   ++........              B - amulet of faith
HPRegen 0.28/turn               g - +6 ring of strength
MPRegen 0.15/turn               n - ring of wizardry

@: short of breath, attractive
A: breathe fire, AC +8, unfitting armour, fire resistance 1, cold-blooded
a: Breathe Fire, Renounce Religion, Minor Destruction, Lesser Servant of
Makhleb, Major Destruction


You were on level 3 of the Lair of Beasts.
You worshipped Makhleb.
Makhleb was greatly pleased with you.
You visited 3 branches of the dungeon, and saw 15 of its levels.

You collected 729 gold pieces.
You spent 440 gold pieces at shops.

Inventory:

Hand Weapons
 F - a +1 double sword (weapon)
Missiles
 c - 91 poisoned darts (quivered)
 d - 8 curare-tipped darts
 q - 3 silver javelins
 D - 2 javelins
Armour
 b - a +0 cloak (worn)
 G - a +0 buckler (worn)
Jewellery
 g - a +6 ring of strength (left hand)
 n - a ring of wizardry (right hand)
 w - a ring of magical power
 B - an amulet of faith (around neck)
 E - a ring of magical power
 J - a ring of willpower
Wands
 a - a wand of charming (5)
 y - a wand of mindburst (11)
 z - a wand of iceblast (21)
Scrolls
 f - 3 scrolls of magic mapping
 i - 2 scrolls of amnesia
 j - 2 scrolls of fear
 o - a scroll of blinking {unknown}
 u - a scroll of teleportation
 H - a scroll of silence
 I - 2 scrolls of identify
Potions
 e - 8 potions of curing
 h - 3 potions of resistance
 k - 5 potions of attraction
 l - 2 potions of haste {unknown}
 m - a potion of might
 p - 2 potions of heal wounds {unknown}
 r - a potion of experience {unknown}
 s - 2 potions of mutation {unknown}
 t - a potion of brilliance {unknown}
 v - 4 potions of lignification {unknown}
 x - 2 potions of flight {unknown}
 A - a potion of ambrosia {unknown}
 C - a potion of cancellation {unknown}


   Skills:
 + Level 11.0 Fighting
 - Level 2.0(6.5) Short Blades
 + Level 9.8(10.0) Long Blades
 + Level 9.4 Throwing
 + Level 9.1 Dodging
 - Level 3.6 Stealth
 + Level 2.0 Shields
 + Level 3.1 Spellcasting
 + Level 3.8 Invocations
 + Level 3.5 Evocations


You had 17 spell levels left.
You didn't know any spells.
Your spell library contained the following spells:

 Spells                   Type           Power      Damage    Failure   Level
 Sublimation of Blood     Necr           0%         N/A       21%         2
 Stone Arrow              Conj/Erth      2%         3d7       36%         3
 Petrify                  Tmut/Erth      1%         N/A       75%         4
 Irradiate                Conj/Tmut      0%         3d14      97%         5
 Lehudib's Crystal Spear  Conj/Erth      0%         10d2      100%        8
 Animate Armour           Summ/Erth      Unusable   N/A       N/A         4

Dungeon Overview and Level Annotations

Branches:
Dungeon (11/15)            Temple (1/1) D:7            Lair (3/6) D:9
    Orc (0/2) D:9
  Swamp: Lair:2-4    Shoals: Lair:2-4     Snake: Lair:2-4    Spider: Lair:2-4

Altars:
Ashenzari
Cheibriados
Dithmenos
Elyvilon
Fedhas
Gozag
Hepliaklqana
Kikubaaqudgha
Makhleb
Nemelex Xobeh
Okawaru
Qazlal
Ru
Sif Muna
Trog
Uskayaw
Vehumet
Wu Jian
Xom
Yredelemnul
Zin
The Shining One

Shops:
D:1 =   D:3 ?*=   D:7 *   D:10 =   D:11 !(!*

Annotations:
D:7 2 transporters, MisterAzrael's ghost, novice DsTm


Innate Abilities, Weirdness & Mutations

You can breathe blasts of fire.
Your fiery red scales are hard. (AC +8)
You cannot fit into any form of body armour.
Your flesh is heat resistant. (rF+)
You are cold-blooded and may be slowed by cold attacks.


Message History

The manticore is moderately wounded.
The wind drake exhales a fierce blast of wind!
You are blown backwards!
The manticore is engulfed in blazing flames.
The manticore bites you. The manticore misses you. The manticore claws you.
The wind drake is engulfed in blazing flames.
The wind drake flaps its wings at you. The air twists around and strikes you!
You are too injured to fight recklessly!
Unknown command.
You are too injured to fight recklessly!
You hit the manticore.
Your tail-slap misses the manticore.
The manticore is severely wounded.
The manticore bites you!
* * * LOW HITPOINT WARNING * * *
You block the manticore's attack. x2
The wind drake is engulfed in blazing flames.
Unknown command.
Okay, then.
You hit the manticore but do no damage.
The manticore is severely wounded.
The wind drake flaps its wings at you. The air twists around and strikes you!
* * * LOW HITPOINT WARNING * * *
The manticore bites you.
* * * LOW HITPOINT WARNING * * *
The manticore misses you. The manticore claws you.
* * * LOW HITPOINT WARNING * * *
It was a potion of attraction.
You feel attractive to monsters.
The manticore closely misses you. x2; The manticore claws you.
* * * LOW HITPOINT WARNING * * *
The wind drake exhales a fierce blast of wind!
Okay, then.
As you read the scroll of fear, it crumbles to dust.
You assume a fearsome visage.
The wind drake easily resists.
The manticore looks frightened!
The wind drake flaps its wings at you. The air twists around and strikes you!
You die...

##..........# #.........###
#........## ##........# ###
#........## ##.####.........#
#..#.P.........##
##...........###
##@k..)....###
#P........P.### ## ..
####○H...P...P.P###. ....
####........##........#
.....##P#..[......##.........
..................###........
..................##.#.#.....
..................######.##..
.....P............# ######


You could see a wind drake (repels missiles, catching breath) and a manticore
(fleeing).

Vanquished Creatures
  A hydra (Lair:3)
  4 two-headed ogres
  Sonja (D:10)
  Nergalle (D:10)
  A cyclops (D:11)
  4 elephants
  A black mamba (Lair:2)
  3 cane toads
  An unseen horror (D:11)
  2 rime drakes (Lair:1)
  A troll (D:10)
  43 yaks
  3 basilisks (Lair:2)
  2 steam dragons
  2 water moccasins
  2 orc warriors (D:6)
  3 necrophages
  4 black bears
  An ice beast (D:6)
  2 ogres
  4 centaurs
  A phantom (D:5)
  6 kobold brigands
  7 bullfrogs
  A gnoll sergeant (D:10)
  2 scorpions
  A water moccasin zombie (D:5)
  2 water moccasin skeletons (D:6)
  4 killer bees (D:10)
  5 wights
  2 electric eels (D:7)
  5 centaur zombies
  4 crimson imps (D:4)
  5 jellies
  4 hounds
  A bullfrog skeleton (D:5)
  4 orc priests
  A centaur skeleton (D:4)
  3 gnoll shamans
  An iron imp (D:5)
  Ijyb (D:3)
  2 iguanas (D:5)
  5 orc wizards
  A killer bee zombie (D:7)
  A howler monkey zombie (D:9)
  22 gnolls
  9 adders
  A white imp (D:6)
  2 adder skeletons
  2 worms (D:2)
  20 orcs
  4 bats
  5 endoplasms
  6 giant cockroaches
  9 goblins
  6 hobgoblins
  6 jackals (D:2)
  3 quokkas
  7 ball pythons
  4 frilled lizards
  25 kobolds
  A quokka skeleton (D:4)
  5 rats (D:9)
292 creatures vanquished.

Vanquished Creatures (others)
  2 kobolds (D:9)
  15 fungi
  16 plants
33 creatures vanquished.

Grand Total: 325 creatures vanquished

Notes
Turn   | Place    | Note
-------+----------+-------------------------------------------
     0 | D:1      | siradein the Draconian Brigand began the quest for the Orb.
     0 | D:1      | Reached XP level 1. HP: 17/17 MP: 1/1
    26 | D:1      | Found Huxaest's Jewellery Boutique.
    34 | D:1      | Reached skill level 1 in Dodging
   241 | D:1      | Reached XP level 2. HP: 19/25 MP: 2/2
   852 | D:2      | Reached XP level 3. HP: 28/30 MP: 3/3
   882 | D:2      | Reached skill level 1 in Long Blades
  1050 | D:2      | Reached skill level 3 in Fighting
  1183 | D:2      | Reached XP level 4. HP: 27/38 MP: 4/4
  1409 | D:2      | Found an ornate altar of the Wu Jian Council.
  1799 | D:2      | Found a faded altar of an unknown god.
  1855 | D:3      | Found Cuimourov's Magic Scroll Boutique.
  1993 | D:3      | Noticed Ijyb
  2006 | D:3      | Reached XP level 5. HP: 37/45 MP: 5/5
  2034 | D:3      | Killed Ijyb
  2125 | D:3      | Found Vaurat's Jewellery Emporium.
  2128 | D:3      | Found Iciqie's General Store.
  2456 | D:3      | Found a broken altar of Ashenzari.
  3105 | D:4      | Reached XP level 6. HP: 43/52 MP: 6/6
  3108 | D:4      | Reached skill level 4 in Fighting
  3599 | D:4      | Your scales start taking on a fiery red colour.
  3599 | D:4      | Reached XP level 7. HP: 60/60 MP: 7/7
  3599 | D:4      | Gained mutation: Your flesh is heat resistant. (rF+) [Red
                  | Draconian growth]
  3612 | D:4      | Found a shimmering altar of Xom.
  3850 | D:5      | Entered Level 5 of the Dungeon
  3861 | D:5      | Reached skill level 5 in Fighting
  4144 | D:5      | Reached XP level 8. HP: 53/69 MP: 8/8
  4573 | D:5      | Found a snail-covered altar of Cheibriados.
  5014 | D:6      | Reached skill level 6 in Fighting
  5014 | D:6      | Reached skill level 5 in Throwing
  5069 | D:6      | Reached skill level 5 in Long Blades
  5253 | D:6      | Reached skill level 5 in Dodging
  5630 | D:6      | Found a sacrificial altar of Ru.
  5782 | D:6      | Found a glowing golden altar of the Shining One.
  6027 | D:7      | Found Upid's General Store.
  6106 | D:7      | Reached XP level 9. HP: 76/78 MP: 9/9
  6276 | D:7      | Reached skill level 7 in Fighting
  6318 | D:7      | Found a staircase to the Ecumenical Temple.
  6378 | Temple   | Entered the Ecumenical Temple
  6850 | Temple   | Became a worshipper of Makhleb the Destroyer
  7155 | D:7      | Identified the +9 spear "Seugo" {venom, Int+5}
  7155 | D:7      | Identified the +6 scale mail of Nemelex Xobeh {rC+}
  7182 | D:7      | Found a hide-covered altar of Uskayaw.
  7836 | D:7      | Found a transporter.
  7837 | D:7      | Found a transporter.
  7891 | D:7      | Identified the ring of Heifalops {Fly Int+4}
  8052 | D:7      | Noticed MisterAzrael's ghost (novice DsTm)
  8101 | D:8      | Found a glowing silver altar of Zin.
  8757 | D:7      | Reached skill level 8 in Fighting
  9166 | D:8      | Reached * piety under Makhleb
  9204 | D:8      | Reached XP level 10. HP: 65/88 MP: 10/10
  9714 | D:9      | Noticed a two-headed ogre
  9730 | D:9      | Killed a two-headed ogre
  9949 | D:9      | Found a staircase to the Orcish Mines.
  9980 | D:9      | Reached skill level 9 in Fighting
 10169 | D:9      | Noticed a moth of wrath
 10171 | D:9      | Found a bloodstained altar of Trog.
 10208 | D:9      | Identified the +10 flail "Yromnuaq" {vorpal, rPois rCorr
                  | Int+2}
 10211 | D:9      | Identified the +5 trident "Viest" {flame, rPois rF+ Str-2}
 10306 | D:9      | Reached ** piety under Makhleb
 11040 | D:9      | Found a staircase to the Lair.
 11436 | D:10     | Entered Level 10 of the Dungeon
 11454 | D:10     | Noticed Nergalle
 11461 | D:10     | Killed Nergalle
 11517 | D:10     | Found Fetzeudy's Jewellery Shop.
 11526 | D:10     | Bought an amulet of faith for 440 gold pieces
 11553 | D:10     | Reached XP level 11. HP: 97/97 MP: 11/11
 11904 | D:10     | Identified the +0 robe "Miabbus" {Regen+}
 11904 | D:10     | Noticed Sonja
 11920 | D:10     | Killed Sonja
 11936 | D:10     | Reached *** piety under Makhleb
 11937 | D:10     | Reached skill level 10 in Fighting
 12278 | D:10     | Noticed a two-headed ogre
 12283 | D:10     | Killed a two-headed ogre
 13062 | D:11     | Reached skill level 1 in Invocations
 13062 | D:11     | Reached skill level 1 in Evocations
 13139 | D:11     | Found Agouhu's Distillery.
 13173 | D:11     | Found Benamet's Antique Weapon Emporium.
 13278 | D:11     | Noticed a two-headed ogre
 13287 | D:11     | Killed a two-headed ogre
 13288 | D:11     | Reached skill level 1 in Spellcasting
 13413 | D:11     | Noticed a two-headed ogre
 13432 | D:11     | Killed a two-headed ogre
 13615 | D:11     | Found Onkeo's General Store.
 13680 | D:11     | Found Ajeips's Distillery.
 14127 | Lair:1   | Entered Level 1 of the Lair of Beasts
 14716 | Lair:1   | Found a glowing silver altar of Zin.
 14787 | Lair:1   | Reached XP level 12. HP: 108/108 MP: 15/15
 14825 | Lair:1   | Reached **** piety under Makhleb
 16026 | Lair:2   | Reached skill level 1 in Shields
 17136 | Lair:3   | Reached skill level 11 in Fighting
 17151 | Lair:3   | Noticed a four-headed hydra
 17163 | Lair:3   | Killed a four-headed hydra
 17659 | Lair:3   | HP: 4/110 [manticore (4)]
 17661 | Lair:3   | Killed from afar by a wind drake

Illustrated notes

Levels and vault maps discovered:
D:1:      enne_arrival_octagon_isle, layout_basic, serial_shops, shop
D:2:      layout_basic, basic_altar, shapermc_ecumenical_altar_acropolis
D:3:      layout_basic, mainiacjoe_overflow_paths, serial_shops, shop, shop,
          shop_statue, uniq_ijyb
D:4:      layout_cave_pools, led_xom_imps
D:5:      layout_rooms, slow_altar_2, st_stairs_9
D:6:      layout_cave_pools, mainiacjoe_overflow_catwalk_spiral,
          corexii_item_surrounded_by_moat
D:7:      layout_rooms, amcnicky_altar_gilded, minmay_temple_entry_slanted,
          gammafunk_ghost_gnarly_gnolls, serial_shops, nicolae_lakefront_shop,
          serial_glass, glass_columns_a, glass_columns_a, chequers_big_river
D:8:      layout_cave_pools, zin_academy
D:9:      layout_basic, tgw_trog, dpeg_oklobed_lair, orc_0_dummy
D:10:     layout_basic, serial_shops, shop, uniq_nergalle, uniq_sonja
D:11:     layout_stronghold, serial_shops, nicolae_shop_window_shopping,
          nicolae_shop_statue_plus, shop, nicolae_inconvenience_store,
          serial_column_ruins, column_ruins_hut, column_ruins_open_small,
          column_ruins_grid_1, column_ruins_columns_corner, column_ruins_grid_1,
          column_ruins_grid_1
Temple:   minmay_temple_curvy_branch
Lair:1:   layout_regular_city, basic_altar
Lair:2:   layout_cave_pods
Lair:3:   layout_hall_layers, minmay_shoals_entry_beasts,
          spider_nest_entry_web_field

Skill      XL: |  1  2  3  4  5  6  7  8  9 10 11 12 |
---------------+-------------------------------------+-----
Dodging        | 1 2 3 4 5 6 7 8 9 |  9.1
Throwing       | 2 3 4 5 6 8 9 |  9.4
Long Blades    | 1 2 3 4 5 7 8 9 |  9.8
Fighting       | 3 4 5 6 8 9 10 11 | 11.0
Invocations    | 2 3 |  3.8
Evocations     | 2 3 |  3.5
Spellcasting   | 2 3 |  3.1
Shields        | 2 |  2.0
Short Blades   | |  2.0
Stealth        | |  3.6

Action                   |  1- 3 |  4- 6 |  7- 9 | 10-12 || total
-------------------------+-------+-------+-------+-------++-------
Melee: Dagger            |    99 |   175 |   152 |       ||   426
       Tailslap          |    13 |    23 |    50 |    80 ||   166
       Short sword       |       |       |   119 |       ||   119
       Long sword        |       |       |    15 |    28 ||    43
       Great sword       |       |       |     2 |    48 ||    50
       Double sword      |       |       |       |   315 ||   315
Throw: Dart              |       |     2 |       |    17 ||    19
Invok: Lesser Servant of |       |       |       |     1 ||     1
 Abil: Breathe Fire      |       |       |    40 |    47 ||    87
  Use: Scroll            |       |     3 |     3 |     8 ||    14
       Potion            |       |       |       |     1 ||     1
 Stab: Sleeping          |     5 |     6 |     3 |     3 ||    17
Armor: Skin              |    40 |    83 |    68 |   137 ||   328
Dodge: Dodged            |    61 |   128 |   175 |   322 ||   686
Block: Buckler           |       |       |       |    23 ||    23

Table legend: (Time is in decaauts)
 A = Elapsed time spent in this place.
 B = Non-inter-level travel time spent in this place.
 C = Inter-level travel time spent in this place.
 D = Time resting spent in this place.
 E = Time spent auto-exploring this place.
 F = Levels seen in this place.
 G = Mean time per level.
                   A        B        C        D        E       F      G
               +--------+--------+--------+--------+--------+-----+--------+
         Total |  17650 |  17348 |    302 |    534 |  13775 |  15 | 1176.7 |
       Dungeon |  13608 |  13320 |    288 |    528 |  10396 |  11 | 1237.1 |
        Temple |    497 |    497 |      0 |      0 |    410 |   1 |  497.0 |
          Lair |   3544 |   3530 |     14 |      6 |   2968 |   3 | 1181.3 |
               +--------+--------+--------+--------+--------+-----+--------+

Top non-repeatable levels by time:
     D:7: 2186 daAuts
     D:9: 1986 daAuts
  Lair:1: 1592 daAuts
    D:11: 1487 daAuts
  Lair:2: 1417 daAuts
     D:6: 1194 daAuts
    D:10: 1140 daAuts
     D:5: 1098 daAuts
     D:3: 1074 daAuts
     D:2: 1027 daAuts
     D:4: 902 daAuts
     D:1: 811 daAuts
     D:8: 699 daAuts
  Lair:3: 534 daAuts
  Temple: 497 daAuts
